 Dungeon Crawl Stone Soup version 0.31.0-11-ge490571c62 (console) character file.

Game seed: 15796433235071541548

35 AlterAsc the Slasher (level 3, -4/21 HPs)
             Began as a Tengu Warper on Feb 10, 2024.
             Slain by a gnoll
             ... wielding a +0 whip
              (7 damage)
             ... on level 2 of the Dungeon.
             The game lasted 00:01:50 (854 turns).

AlterAsc the Slasher (Tengu Warper)                  Turns: 854, Time: 00:01:51

Health: -4/21      AC:  3    Str: 11    XL:     3   Next: 33%
Magic:  7/7        EV: 12    Int: 13    God:
Gold:   66         SH:  0    Dex: 15    Spells: 6/6 levels left

rFire   . . .        a - +0 falchion
rCold   . . .        (no shield)
rNeg    . . .        b - +0 leather armour
rPois   .            (helmet restricted)
rElec   .            (no cloak)
rCorr   .            (no gloves)
SInv    .            (boots unavailable)
Will    .....        (no amulet)
Stlth   +            (no ring)
HPRegen 0.23/turn    (no ring)
MPRegen 0.10/turn

%: acrobat
@: no status effects
A: beak, talons 3, acrobatic
a: no special abilities


You were on level 2 of the Dungeon.
You visited 1 branch of the dungeon, and saw 2 of its levels.

You collected 66 gold pieces.

Inventory:

Hand Weapons
 a - a +0 falchion (weapon)
Missiles
 d - 7 darts of dispersal (quivered)
Armour
 b - a +0 leather armour (worn)
Scrolls
 c - a scroll of blinking
 f - a scroll of amnesia {unknown}
 h - 2 scrolls of teleportation {unknown}
 i - a scroll of identify {unknown}
Potions
 e - a potion of heal wounds {unknown}
 g - a potion of curing {unknown}
 j - a potion of enlightenment {unknown}
 k - a potion of lignification {unknown}


   Skills:
 - Level 2.0 Fighting
 + Level 4.0 Long Blades
 - Level 1.0 Throwing
 - Level 1.1 Armour
 - Level 2.1 Dodging
 - Level 2.0 Spellcasting
 - Level 2.4 Translocations


You had 6 spell levels left.
You didn't know any spells.
Your spell library contained the following spells:

 Spells                   Type           Power      Damage    Failure   Level
 Blink                    Tloc           14%        N/A       19%         2
 Lesser Beckoning         Tloc           14%        N/A       19%         2
 Teleport Other           Tloc           7%         N/A       36%         3
 Manifold Assault         Tloc           7%         N/A       77%         4
 Vhi's Electric Charge    Tloc/Air       8%         N/A       90%         4


Dungeon Overview and Level Annotations

Branches:
Dungeon (2/15)

Altars:


Innate Abilities, Weirdness & Mutations

You have a beak for a mouth.
You have claws for feet.
You can magically evade attacks while moving or waiting.


Message History

There is a stone staircase leading down here.
You climb downwards.
There is a stone staircase leading up here.
Found a stone staircase leading down.
Found a dagger.
A gnoll comes into view. It is wielding a +0 spear.
A gnoll comes into view. It is wielding a +0 whip.
The gnoll shouts! x2
A gnoll comes into view. It is wielding a +1 heavy spear.
The gnoll shouts!
A gnoll comes into view. It is wielding a +0 spear.
The gnoll shouts!
The gnoll closely misses you. The gnoll closely misses you.
You closely miss the gnoll. The gnoll hits you with a +0 spear.
You hit the gnoll. You claw the gnoll!
The gnoll is severely wounded.
The gnoll barely misses you.
You barely miss the gnoll. Your kick misses the gnoll.
The gnoll is severely wounded.
The gnoll hits you with a +0 spear.
You barely miss the gnoll. Your kick misses the gnoll.
The gnoll is severely wounded.
The gnoll closely misses you.
You slash the gnoll!
You kill the gnoll!
Your Long Blades skill increases to level 4!
You barely miss the gnoll. Your kick misses the gnoll. You peck the gnoll.
The gnoll is moderately wounded.
The gnoll misses you.
The gnoll hits you from afar with a +0 spear.
You barely miss the gnoll. Your kick misses the gnoll.
The gnoll is moderately wounded.
The gnoll hits you with a +0 whip. The gnoll closely misses you.
You slash the gnoll! Your kick misses the gnoll.
The gnoll is severely wounded.
The gnoll hits you with a +0 whip.
* * * LOW HITPOINT WARNING * * *
The gnoll misses you. The gnoll hits you with a +0 whip!
You die...

#.# #.#.#.# #.#.
#.#.#.# ######## ....
#.#.#.# #....<.#
....#.#.#.# #.######
#..#.#.#.# #.#
#....#...# #.#
.#.#).#..>..#######.#
...........ggg@.....#
##.#..#.#.#.#########
#....##### #..#.#
##.### . ##


You could see 3 gnolls.

Vanquished Creatures
  A gnoll (D:2)
  2 dart slugs (D:1)
  A ball python (D:1)
  A goblin (D:1)
  3 hobgoblins (D:1)
  4 jackals (D:1)
  2 kobolds (D:1)
  A frilled lizard (D:1)
  6 rats (D:1)
21 creatures vanquished.

Notes
Turn   | Place    | Note
-------+----------+-------------------------------------------
     0 | D:1      | AlterAsc the Tengu Warper began the quest for the Orb.
     0 | D:1      | Reached XP level 1. HP: 12/12 MP: 4/4
    89 | D:1      | Reached XP level 2. HP: 17/17 MP: 6/6
    99 | D:1      | Reached skill level 3 in Long Blades
   687 | D:1      | Reached XP level 3. HP: 19/21 MP: 7/7
   852 | D:2      | Reached skill level 4 in Long Blades
   854 | D:2      | Slain by a gnoll

Illustrated notes

Levels and vault maps discovered:
D:1:      psy_arrival_spokes, layout_basic
D:2:      layout_basic, basic_altar, grunt_ministairs_7

Skill      XL: |  1  2  3 |
---------------+----------+-----
Long Blades    | 3 4 |  4.0
Fighting       | |  2.0
Throwing       | |  1.0
Armour         | |  1.1
Dodging        | |  2.1
Spellcasting   | |  2.0
Translocations | |  2.4

Action                     || total
---------------------------++-------
  Melee: Falchion          ||    53
         Kick              ||     6
         Peck              ||     5
 Armour: Leather armour    ||    24
  Dodge: Dodged            ||    39
